 Dungeon Crawl Stone Soup version 0.29-a0-352-g0917bc69df (webtiles) character file.

Game seed: 16277341955870172885

136537 Morbidden the Cleaver (level 16, -3/122 HPs)
             Began as a Demonspawn Fighter on Apr 23, 2022.
             Was a High Priest of Cheibriados.
             Slain by Bai Suzhen (19 damage)
             ... on level 3 of the Swamp on Apr 24, 2022.
             The game lasted 00:59:50 (31894 turns).

Morbidden the Cleaver (Demonspawn Fighter)         Turns: 31894, Time: 00:59:50

Health: -3/122     AC: 20    Str: 28    XL:     16   Next: 67%
Magic:  18/28      EV: 20    Int: 27    God:    Cheibriados [*****.]
Gold:   3233       SH: 20    Dex: 28    Spells: 4/31 levels left

rFire   . . .      SeeInvis .   b - +2 demon whip (venom)
rCold   . . .      Faith    .   r - +0 tower shield
rNeg    . . .      Spirit   .   h - +0 swamp dragon scales
rPois   +          Reflect  .   (no helmet)
rElec   .          Harm     .   i - +0 cloak
rCorr   .          Rampage  .   (gloves unavailable)
Will    +....                   v - +2 pair of boots {Fly}
Stlth   ++........              P - amulet of regeneration
HPRegen 1.10/turn               q - +4 ring of protection
MPRegen 0.21/turn               l - +4 ring of evasion

@: flying, very slow
A: claws 3, molten scales 2, icemail 1, powered by death 2, condensation shield,
bedeviling
a: Renounce Religion, Bend Time, Temporal Distortion, Slouch, Step From Time


You were on level 3 of the Swamp.
You worshipped Cheibriados.
Cheibriados was extremely pleased with you.
You visited 5 branches of the dungeon, and saw 27 of its levels.
You visited the Abyss 1 time.
You visited 1 bazaar.
You also visited: Bailey and Volcano.

You collected 4848 gold pieces.
You spent 1615 gold pieces at shops.

Inventory:

Hand Weapons
 a - a +0 broad axe of venom
 b - a +2 demon whip of venom (weapon)
 S - a +0 broad axe
Missiles
 g - 3 throwing nets (quivered)
 t - 45 boomerangs
 K - 3 silver boomerangs
Armour
 h - +0 swamp dragon scales (worn)
 i - a +0 cloak (worn)
 o - the +5 robe of Light {Archmagi}
   (You found it on level 5 of the Dungeon)

   Archmagi:  It increases the power of your magical spells.
 r - a +0 tower shield (worn)
 v - a +2 pair of boots of flying (worn)
 M - a +2 plate armour of fire resistance
 N - the +1 storm dragon scales of Huivius {rElec rCorr Str-4 Dex+5}
   (You bought it in a shop in a bazaar)

   Str:       It affects your strength (-4).
   Dex:       It affects your dexterity (+5).
   rElec:     It insulates you from electricity.
   rCorr:     It protects you from acid and corrosion.
Jewellery
 l - a +4 ring of evasion (right claw)
 m - a ring of wizardry
 n - a ring of wizardry
 q - a +4 ring of protection (left claw)
 A - a ring of flight
 D - a ring of protection from cold
 I - a ring of fire
 L - a ring of magical power
 P - an amulet of regeneration (around neck)
 T - a ring of resist corrosion
 V - a ring of wizardry
Wands
 d - a wand of acid (8)
 p - a wand of flame (70)
 B - a wand of mindburst (29)
 C - a wand of paralysis (27)
 F - a wand of digging (6)
Scrolls
 c - a scroll of magic mapping
 e - 5 scrolls of teleportation
 w - 8 scrolls of identify
 z - 2 scrolls of brand weapon
 H - a scroll of summoning
 J - 4 scrolls of fog
 R - 5 scrolls of fear
 U - 3 scrolls of enchant weapon
 W - a scroll of enchant armour
 X - 3 scrolls of immolation
Potions
 f - 12 potions of curing
 j - 2 potions of lignification
 k - 6 potions of attraction
 s - 4 potions of brilliance
 u - 6 potions of flight
 E - 2 potions of invisibility
 G - 2 potions of berserk rage
 O - a potion of ambrosia
 Q - a potion of cancellation
 Y - 3 potions of might
 Z - 3 potions of mutation
Miscellaneous
 y - a phantom mirror (inert)


   Skills:
 * Level 10.0 Fighting
 * Level 12.4(13.6) Axes
 + Level 9.3(12.1) Maces & Flails
 + Level 0.5 Throwing
 + Level 6.4 Armour
 * Level 8.3 Dodging
 + Level 2.6 Stealth
 * Level 9.7 Shields
 * Level 8.4 Spellcasting
 * Level 4.6 Conjurations
 * Level 8.2 Summonings
 * Level 8.3 Necromancy
 * Level 3.8 Translocations
 * Level 2.8 Transmutations
 * Level 3.4 Air Magic
 * Level 10.0 Invocations
 * Level 6.8 Evocations


You had 4 spell levels left.
You knew the following spells:

 Your Spells              Type           Power      Damage    Failure   Level
a - Airstrike             Air            15%        N/A       71%         4
b - Haunt                 Necr/Summ      27%        N/A       100%        7
c - Manifold Assault      Tloc           31%        N/A       95%         5
d - Dragon Form           Tmut           13%        N/A       100%        7
z - Iskenderun's Mystic   Conj/Tloc      34%        2d8       61%         4

Your spell library contained the following spells:

 Spells                   Type           Power      Damage    Failure   Level
 Pain                     Necr           100%       1d9       1%          1
 Sublimation of Blood     Necr           54%        N/A       2%          2
 Corpse Rot               Necr/Air       86%        N/A       6%          2
 Magic Dart               Conj           100%       1d8       7%          1
 Shock                    Conj/Air       100%       1d9       9%          1
 Searing Ray              Conj           72%        2d7       10%         2
 Blink                    Tloc           62%        N/A       14%         2
 Animate Dead             Necr           27%        N/A       14%         4
 Wereblood                Tmut           26%        N/A       22%         2
 Summon Guardian Golem    Hex/Summ       50%        N/A       26%         3
 Lesser Beckoning         Tloc           31%        N/A       28%         3
 Poisonous Vapours        Pois/Air       40%        N/A       32%         2
 Swiftness                Air            30%        N/A       32%         3
 Freeze                   Ice            44%        1d6       41%         1
 Mephitic Cloud           Conj/Pois/Air  26%        N/A       41%         3
 Portal Projectile        Hex/Tloc       64%        N/A       52%         3
 Anguish                  Hex/Necr       25%        N/A       63%         4
 Ignite Poison            Fire/Tmut/Pois 16%        N/A       67%         3
 Frozen Ramparts          Ice            22%        1d4       80%         3
 Inner Flame              Hex/Fire       17%        N/A       80%         3
 Tukima's Dance           Hex            17%        N/A       80%         3
 Fulminant Prism          Conj/Hex       18%        3d11      86%         4
 Hailstorm                Conj/Ice       24%        3d7       86%         4
 Ice Form                 Ice/Tmut       19%        N/A       94%         4
 Cause Fear               Hex            8%         N/A       99%         4
 Agony                    Necr           54%        N/A       38%         5
 Excruciating Wounds      Necr           27%        N/A       38%         5
 Borgnjor's Vile Clutch   Necr/Erth      16%        N/A       92%         5
 Blade Hands              Tmut           13%        N/A       98%         5
 Freezing Cloud           Conj/Ice/Air   13%        6-21      99%         5
 Alistair's Intoxication  Tmut/Pois      12%        N/A       100%        5
 Lee's Rapid Deconstruct  Erth           5%         3d7*      100%        5
 Conjure Ball Lightning   Conj/Air       16%        3x3d6     100%        6
 Dispersal                Tloc           15%        N/A       100%        6
 Eringya's Noxious Bog    Tmut/Pois      9%         N/A       100%        6
 Simulacrum               Ice/Necr       16%        N/A       100%        6
 Enfeeble                 Hex            8%         N/A       100%        7
 Orb of Destruction       Conj           18%        9d8       100%        7
 Spellforged Servitor     Conj/Summ      23%        N/A       100%        7
 Summon Hydra             Summ           27%        N/A       100%        7
 Discord                  Hex            8%         N/A       100%        8
 Disjunction              Tloc           15%        N/A       100%        8
 Infestation              Necr           27%        N/A       100%        8
 Dragon's Call            Summ           27%        N/A       100%        9


Dungeon Overview and Level Annotations

Branches:
Dungeon (15/15)            Temple (1/1) D:7            Lair (6/6) D:11
  Swamp (3/4) Lair:4        Snake (0/4) Lair:4        Slime (0/5) Lair:6
    Orc (2/2) D:9             Elf (0/3) Orc:2        Vaults (0/5) D:14
 Depths (0/4) D:15         Bailey (visited)         Volcano (visited)

Altars:
Ashenzari
Cheibriados
Dithmenos
Elyvilon
Fedhas
Hepliaklqana
Kikubaaqudgha
Makhleb
Okawaru
Qazlal
Ru
Sif Muna
Uskayaw
Vehumet
Wu Jian
Xom
Yredelemnul
Zin
The Shining One
Beogh

Shops:
Orc:2 *(?[

Portals:
Abyss: Lair:5

Annotations:
D:6 1 runed translucent door, Crazy Yiuf
D:13 3 runed translucent doors, exclusion: orange crystal statue
Lair:4 exclusion: oklob plant
Lair:5 2 transporters, Zoraivy's ghost, journeyman DDFi
Swamp:3 Bai Suzhen


Innate Abilities, Weirdness & Mutations

You have claws for hands.
You are mostly covered in molten scales. (AC +3)
A meltable icy envelope protects you from harm. (AC +0)
You regenerate health from kills.
A meltable shield of frost defends you. (SH +0)
Your hexes are more powerful.


Message History

The seven-headed hydra bites you but does no damage.
The seven-headed hydra bites you! Bai Suzhen completely misses you.
You block Bai Suzhen's attack. Bai Suzhen tramples you.
* * * LOW HITPOINT WARNING * * *
You are shoved backwards!
The will-o-the-wisp gestures.
The will-o-the-wisp conjures some foxfire! 2 foxfires come into view.
Unknown command.
Activating: Slouch (1% risk of failure)
Press: ? - help, Dir - look around, f - activate You can feel time thicken for a moment.
Cheibriados lowers the support of your attributes as your movement quickens.
You are standing in a thunderstorm.
The seven-headed hydra disappears in a puff of smoke!
Bai Suzhen breathes water at you. You block the torrent of water.
The wave splashes down.
The will-o-the-wisp gestures.
The will-o-the-wisp conjures some foxfire! 2 foxfires come into view.
Unknown command.
Activating: Slouch (1% risk of failure)
Press: ? - help, Dir - look around, f - activate You can feel time thicken for a moment.
Cheibriados lowers the support of your attributes as your movement quickens.
You are standing in a thunderstorm.
The will-o-the-wisp gestures.
The will-o-the-wisp conjures some foxfire!
You block Bai Suzhen's attack.
Bai Suzhen closely misses you. x2 2 foxfires come into view.
Unknown command.
You hit Bai Suzhen but do no damage.
Bai Suzhen is almost dead.
You are standing in a thunderstorm.
The foxfire hits you!
Your icy defenses dissipate!
* * * LOW HITPOINT WARNING * * *
The foxfire is struck by lightning.
The foxfire hits you!
* * * LOW HITPOINT WARNING * * *
Bai Suzhen bites you!!
You die...

≈≈#≈≈..≈.≈≈....♣
≈##≈≈.≈.≈≈.♣.≈.♣♣
≈#≈≈≈§....≈.≈...♣♣♣♣
##§≈..≈.♣♣.≈≈≈≈.≈.≈♣
≈≈≈.≈≈≈.≈♣≈.≈≈≈≈≈..♣
≈≈≈≈§≈...♣♣♣≈≈≈≈♣♣♣♣
≈≈≈≈≈♣...♣♣.≈≈.≈≈♣♣
≈≈.♣♣♣}..♣♣...♣≈≈≈♣
♣♣♣♣
...♣♣.....♣♣♣♣♣♣@§♣
§.... ..♣♣♣.....♣♣
♣§D§♣ ♣.≈≈≈.
≈≈≈♣.......♣
♣v§♣♣♣§..≈≈≈
≈≈♣♣.♣.♣.♣.♣
♣§≈§♣.≈≈.♣♣
≈.≈♣..)♣.).♣
♣...§§≈≈≈.♣
.>♣♣.♣♣♣♣♣.♣
♣♣♣♣((≈≈...♣
...♣...♣...♣
♣..((.v≈≈
.≈♣♣.♣.♣.♣.♣
♣♣.≈....≈
...♣.......♣♣♣♣♣
≈^.....


You could see Bai Suzhen (clouds, poisoned, catching breath) and a
will-o-the-wisp.

Vanquished Creatures
  Saint Roka (Orc:2)
  Rupert (Lair:6)
  Mlioglotl (Swamp:2)
  A sphinx (D:13)
  A fenstrider witch (Swamp:3)
  A frost giant (D:13)
  Aizul (Swamp:2)
  Louise (D:14)
  An orc warlord (Orc:1)
  5 eleionomae
  4 bunyips
  2 ettins
  A fire dragon (Lair:6)
  Harold (Lair:1)
  Fannar (Lair:1)
  10 hydras
  Erolcha (D:9)
  8 centaur warriors
  5 boulder beetles
  An ogre mage (D:14)
  2 catoblepae (D:12)
  7 two-headed ogres
  6 alligators
  4 tengu warriors
  4 orc high priests (Orc:2)
  A wretched star (D:14)
  Amaemon (D:11)
  Nergalle (Lair:4)
  A skeletal warrior (D:11)
  3 spriggan druids
  2 large abominations (Abyss:3)
  2 bog bodies
  6 swamp dragons
  A wizard (D:15)
  Pikel (D:3)
  A necromancer (D:15)
  2 deep elf pyromancers
  7 orc knights
  An oklob plant (Lair:5)
  7 ugly things
  A wolf spider (Lair:6)
  11 orc sorcerers
  8 cyclopes
  7 manticores
  5 elephants (Lair:3)
  Maurice (D:10)
  13 black mambas
  A guardian serpent (Lair:6)
  A gargoyle (D:10)
  A smoke demon (Abyss:3)
  Maggie (D:6)
  A centaur zombie (D:15)
  An efreet (D:13)
  An orange demon (D:11)
  3 freezing wraiths
  A torpor snail (Swamp:3)
  5 rime drakes
  Psyche (D:10)
  A kobold demonologist (D:13)
  13 cane toads
  9 komodo dragons
  2 tengu conjurers (D:13)
  2 polar bears
  Prince Ribbit (D:9)
  6 trolls
  A wolf spider simulacrum (D:15)
  13 blink frogs
  7 hornets
  Grinder (D:6)
  10 tyrant leeches
  3 slime creatures (D:12)
  5 dream sheep (Lair:6)
  A wind drake (shapeshifter) (Abyss:3)
  Sigmund (D:3)
  11 spriggans
  6 wraiths
  2 centaur simulacra
  2 shadows (D:10)
  2 vampires
  11 wyverns
  55 yaks
  Grum (Lair:1)
  9 basilisks
  A fire bat (Volcano)
  A steam dragon (D:9)
  10 vampire mosquitoes
  2 redbacks (Lair:6)
  Menkaure (D:6)
  13 swamp worms
  5 wargs
  10 acid dragons
  3 hell hounds (Volcano)
  25 water moccasins
  57 orc warriors
  3 sky beasts
  A swamp drake (Swamp:3)
  An ice beast (D:6)
  4 black bears (Lair:3)
  18 ogres
  20 wolves
  3 boggarts (D:15)
  15 centaurs
  A kobold brigand (D:9)
  14 bullfrogs
  3 necrophages
  2 scorpions
  A small abomination (Abyss:3)
  8 killer bees
  A howler monkey (D:11)
  A lava snake (Lair:1)
  13 starcursed masses
  A gnoll shaman (D:5)
  4 hounds
  27 orc priests
  A jelly (D:6)
  Jessica (D:3)
  18 orc wizards
  7 iguanas
  4 hell rats (Lair:2)
  13 gnolls
  14 adders
  A shadow imp (D:8)
  3 white imps
  An ufetubus (D:5)
  2 worms
  A dart slug (D:3)
  110 orcs
  4 bats
  4 endoplasms
  A giant cockroach (D:1)
  13 hobgoblins
  8 jackals
  3 quokkas
  7 ball pythons
  5 frilled lizards
  7 goblins
  20 kobolds
  2 rats
  4 foxfires (Swamp:3)
869 creatures vanquished.

Vanquished Creatures (collateral kills)
  An orc knight (Orc:1)
  An orc warrior (Orc:1)
  2 orcs (Orc:1)
4 creatures vanquished.

Vanquished Creatures (others)
  A goliath frog (Swamp:2)
  An iron giant skeleton (Abyss:2)
  3 bloated husks
  A vampire mosquito (Swamp:1)
  3 swamp worms
  A swamp drake (Swamp:2)
  A bush (D:6)
  A butterfly (Lair:5)
  10 foxfires (Swamp:3)
  37 fungi
  83 plants
  3 starspawn tentacles (Swamp:2)
145 creatures vanquished.

Grand Total: 1018 creatures vanquished

Notes
Turn   | Place    | Note
-------+----------+-------------------------------------------
     0 | D:1      | Morbidden the Demonspawn Fighter began the quest for the
                  | Orb.
     0 | D:1      | Reached XP level 1. HP: 18/18 MP: 1/1
   444 | D:1      | Gained mutation: You regenerate a little health from kills.
                  | [demonic ancestry]
   444 | D:1      | Reached XP level 2. HP: 15/24 MP: 2/2
   709 | D:1      | Reached skill level 2 in Axes
  1380 | D:2      | Reached XP level 3. HP: 27/29 MP: 3/3
  1599 | D:2      | You fall into a shaft and drop 2 floors!
  1614 | D:4      | Identified the +6 mace "Odeeha" {vorpal, rElec}
  1950 | D:4      | Noticed Pikel
  1951 | D:4      | Noticed a lemure
  1951 | D:4      | Noticed a lemure
  1951 | D:4      | Noticed a lemure
  2019 | D:3      | Gained mutation: You regenerate health from kills. [demonic
                  | ancestry]
  2019 | D:3      | Reached XP level 4. HP: 31/35 MP: 4/4
  2031 | D:3      | Reached skill level 3 in Axes
  2205 | D:3      | Noticed Sigmund
  2228 | D:3      | Killed Sigmund
  2229 | D:3      | Reached skill level 1 in Maces & Flails
  2229 | D:3      | Reached skill level 1 in Dodging
  2229 | D:3      | Reached XP level 5. HP: 35/42 MP: 5/5
  2229 | D:3      | Gained mutation: You are partially covered in molten
                  | scales. (AC +2) [demonic ancestry]
  2229 | D:3      | Reached XP level 6. HP: 41/48 MP: 6/6
  2313 | D:3      | Noticed Jessica
  2317 | D:3      | Killed Jessica
  3074 | D:2      | Found a faded altar of an unknown god.
  3372 | D:3      | Killed Pikel
  3373 | D:3      | Reached skill level 4 in Axes
  3373 | D:3      | Gained mutation: A meltable shield of frost defends you.
                  | (SH +0) [demonic ancestry]
  3373 | D:3      | Reached XP level 7. HP: 29/55 MP: 7/7
  4038 | D:5      | Entered Level 5 of the Dungeon
  4040 | D:5      | Identified the +5 robe of Light {Archmagi}
  4098 | D:5      | Reached skill level 5 in Fighting
  4098 | D:5      | Reached XP level 8. HP: 60/62 MP: 8/8
  4301 | D:5      | Reached skill level 1 in Spellcasting
  4684 | D:6      | Noticed Grinder
  4881 | D:6      | Noticed Maggie
  5087 | D:6      | Noticed Menkaure
  5094 | D:6      | Killed Menkaure
  5099 | D:6      | Killed Grinder
  5100 | D:6      | Reached skill level 5 in Maces & Flails
  5100 | D:6      | Gained mutation: You have sharp fingernails. [demonic
                  | ancestry]
  5100 | D:6      | Reached XP level 9. HP: 40/69 MP: 10/12
  5127 | D:6      | Reached skill level 5 in Axes
  5890 | D:6      | Found a runed translucent door.
  5891 | D:6      | Noticed Crazy Yiuf
  5946 | D:6      | Killed Maggie
  5947 | D:6      | Reached skill level 5 in Shields
  5953 | D:6      | Reached skill level 5 in Armour
  6922 | D:7      | Found a staircase to the Ecumenical Temple.
  6948 | Temple   | Entered the Ecumenical Temple
  7229 | Temple   | Became a worshipper of Cheibriados the Contemplative
  7363 | D:7      | Reached skill level 1 in Stealth
  7378 | D:7      | Noticed a troll
  7389 | D:7      | Killed a troll
  7941 | D:8      | Found a flagged portal.
  7954 | Bailey   | Entered a bailey
  8061 | Bailey   | Noticed an orc knight
  8120 | Bailey   | Killed an orc knight
  8121 | Bailey   | Gained mutation: You have very sharp fingernails. [demonic
                  | ancestry]
  8121 | Bailey   | Reached XP level 10. HP: 51/77 MP: 15/15
  8128 | Bailey   | Reached * piety under Cheibriados
  8395 | Bailey   | Learned a level 7 spell: Haunt
  8427 | D:8      | Reached skill level 6 in Axes
  8427 | D:8      | Reached skill level 1 in Evocations
  8890 | D:9      | Noticed Erolcha
  8903 | D:9      | Killed Erolcha
  8904 | D:9      | Reached skill level 1 in Summonings
  8904 | D:9      | Reached skill level 1 in Necromancy
  9054 | D:9      | Noticed Prince Ribbit
  9063 | D:9      | Killed Prince Ribbit
  9160 | D:9      | Reached ** piety under Cheibriados
  9235 | D:9      | Found a hide-covered altar of Uskayaw.
  9252 | D:9      | Reached skill level 1 in Invocations
  9285 | D:9      | Found a staircase to the Orcish Mines.
  9285 | D:9      | Noticed a manticore
  9300 | D:9      | Killed a manticore
  9789 | D:10     | Entered Level 10 of the Dungeon
 10029 | D:10     | Noticed Psyche
 10037 | D:10     | Killed Psyche
 10038 | D:10     | Noticed Maurice
 10051 | D:10     | Killed Maurice
 10052 | D:10     | Gained mutation: You are mostly covered in molten scales.
                  | (AC +3) [demonic ancestry]
 10052 | D:10     | Reached XP level 11. HP: 50/84 MP: 18/18
 10566 | D:10     | Reached skill level 5 in Spellcasting
 11127 | D:10     | Noticed a centaur warrior
 11378 | D:10     | Reached *** piety under Cheibriados
 11504 | D:10     | Killed a centaur warrior
 11822 | D:11     | Found a staircase to the Lair.
 11923 | D:11     | Noticed a boulder beetle
 11943 | D:11     | Killed a boulder beetle
 12341 | D:11     | Noticed Amaemon
 12370 | D:11     | Killed Amaemon
 12735 | D:11     | Noticed a six-headed hydra
 12748 | D:11     | Killed a six-headed hydra
 12749 | D:11     | Reached skill level 5 in Dodging
 12826 | D:11     | Noticed a skeletal warrior
 13092 | Lair:1   | Entered Level 1 of the Lair of Beasts
 13271 | Lair:1   | Noticed Harold
 13289 | Lair:1   | Killed Harold
 13321 | Lair:1   | Reached skill level 7 in Axes
 13474 | Lair:1   | Reached **** piety under Cheibriados
 13659 | Lair:1   | Noticed Grum
 13671 | Lair:1   | Gained mutation: You have claws for hands. [demonic
                  | ancestry]
 13671 | Lair:1   | Reached XP level 12. HP: 86/91 MP: 20/20
 13680 | Lair:1   | Killed Grum
 13918 | Lair:1   | Noticed Fannar
 13944 | Lair:1   | Killed Fannar
 13945 | Lair:1   | Reached skill level 5 in Invocations
 15133 | Lair:2   | Reached ***** piety under Cheibriados
 16242 | Lair:3   | Reached skill level 5 in Summonings
 16720 | Lair:3   | Reached XP level 13. HP: 60/99 MP: 22/22
 17134 | Lair:3   | Reached skill level 5 in Necromancy
 17491 | Lair:4   | Found a staircase to the Swamp.
 17511 | Lair:4   | Reached skill level 8 in Axes
 17613 | Lair:4   | Noticed Nergalle
 17625 | Lair:4   | HP: 1/95 [spectral orc knight/+0 dire flail[Nergalle] (4)]
 17636 | Lair:4   | Found a dark tunnel.
 17659 | Volcano  | Entered a volcano
 18081 | Lair:4   | Found a staircase to the Snake Pit.
 18324 | Lair:4   | Killed Nergalle
 19104 | Lair:5   | Found a transporter.
 19109 | Lair:5   | Found a transporter.
 19131 | Lair:5   | Noticed Zoraivy's ghost (journeyman DDFi)
 19132 | Lair:5   | Found a one-way gate to the infinite horrors of the Abyss.
 19608 | Lair:6   | Entered Level 6 of the Lair of Beasts
 19619 | Lair:6   | Noticed Rupert
 19632 | Lair:6   | Killed Rupert
 19633 | Lair:6   | Reached skill level 9 in Axes
 19682 | Lair:6   | Reached ****** piety under Cheibriados
 19760 | Lair:6   | Noticed a fire dragon
 20001 | Lair:6   | Reached XP level 14. HP: 106/106 MP: 24/24
 20199 | Lair:6   | Found a staircase to the Slime Pits.
 20375 | Lair:6   | Reached skill level 5 in Evocations
 20500 | Lair:6   | Found a sacrificial altar of Ru.
 20744 | Lair:6   | Reached skill level 10 in Axes
 21198 | D:11     | Found the +5 scythe "Finisher" {speed, eviscerate}
 21378 | D:12     | Learned a level 4 spell: Airstrike
 21384 | D:12     | Learned a level 5 spell: Manifold Assault
 21447 | D:12     | Learned a level 4 spell: Iskenderun's Mystic Blast
 21574 | D:12     | Reached skill level 1 in Air Magic
 21582 | D:12     | Reached skill level 1 in Conjurations
 22164 | D:12     | Reached skill level 1 in Translocations
 22725 | D:13     | Found a runed translucent door.
 22761 | D:13     | Identified the +7 morningstar of the Hurting Blowfly
                  | {protect, Int+4}
 22790 | D:13     | Found a runed translucent door.
 22813 | D:13     | Found a runed translucent door.
 22871 | D:13     | Found a runed translucent door.
 22935 | D:13     | Noticed a frost giant
 22948 | D:13     | Killed a frost giant
 23131 | D:13     | Gained mutation: A meltable icy envelope protects you from
                  | harm. (AC +0) [demonic ancestry]
 23131 | D:13     | Reached XP level 15. HP: 95/113 MP: 26/26
 23203 | D:13     | Noticed a sphinx
 23227 | D:13     | Killed a sphinx
 23306 | D:13     | Learned a level 7 spell: Dragon Form
 24160 | D:14     | Noticed Louise
 24184 | D:14     | Cast into level 2 of the Abyss (Louise)
 24538 | D:14     | Escaped the Abyss
 24546 | D:14     | Killed Louise
 24693 | D:14     | Reached skill level 11 in Axes
 24982 | D:14     | Reached skill level 1 in Transmutations
 25003 | D:14     | Found a gate to the Vaults.
 25397 | D:14     | Found a gateway to a bazaar.
 25509 | D:14     | Identified the +1 scale mail of Foarosh {rF++ Dex+3 Slay+3}
 25522 | Bazaar   | Entered a bazaar
 25524 | Bazaar   | Found Lomn's Jewellery Boutique.
 25528 | Bazaar   | Found Zudghusis's Jewellery Boutique.
 25528 | Bazaar   | Found Kiagusko's Book Boutique.
 25529 | Bazaar   | Found Dosiocim's Antique Armour Boutique.
 25554 | Bazaar   | Bought steaming storm dragon scales for 1615 gold pieces
 25554 | Bazaar   | Identified the +1 storm dragon scales of Huivius {rElec
                  | rCorr Str-4 Dex+5} (You bought it in a shop in a bazaar)
 25609 | D:15     | Entered Level 15 of the Dungeon
 26507 | D:15     | Found a staircase to the Depths.
 26752 | Orc:1    | Entered Level 1 of the Orcish Mines
 26901 | Orc:1    | Noticed an orc warlord
 26920 | Orc:1    | Killed an orc warlord
 27120 | Orc:2    | Entered Level 2 of the Orcish Mines
 27847 | Orc:2    | Found a staircase to the Elven Halls.
 28120 | Orc:2    | Found Lepnunuh's Magic Scroll Shop.
 28169 | Orc:2    | Found Saih Vat's Armour Boutique.
 28441 | Orc:2    | Noticed Saint Roka
 28453 | Orc:2    | Gained mutation: Your hexes are more powerful. [demonic
                  | ancestry]
 28453 | Orc:2    | Reached XP level 16. HP: 78/122 MP: 17/28
 28456 | Orc:2    | Reached skill level 12 in Axes
 28472 | Orc:2    | Killed Saint Roka
 28886 | Orc:2    | Found Ytoruth's Antique Weapon Boutique.
 28924 | Orc:2    | Found Unasigru's Assorted Antiques.
 29278 | Swamp:1  | Entered Level 1 of the Swamp
 30021 | Swamp:2  | Noticed Aizul
 30032 | Swamp:2  | Reached skill level 10 in Fighting
 30042 | Swamp:2  | Killed Aizul
 30315 | Swamp:2  | Identified a scroll of acquirement
 30315 | Swamp:2  | Acquired 701 gold pieces
 30381 | Swamp:2  | Noticed Mlioglotl
 30385 | Swamp:2  | Noticed a tentacled starspawn
 30386 | Swamp:2  | Noticed a tentacled monstrosity
 30669 | Swamp:2  | Noticed a tentacled starspawn
 30676 | Swamp:2  | Killed Mlioglotl
 31112 | Swamp:3  | Reached skill level 10 in Invocations
 31529 | Swamp:3  | Noticed Bai Suzhen
 31894 | Swamp:3  | Slain by Bai Suzhen

Illustrated notes

Levels and vault maps discovered:
D:1:      dpeg_arrival_arbitrary_a, layout_loops_ring, roderic_lattice_a,
          minmay_misc_feat_rugged
D:2:      layout_basic, chequers_ecumenical_altar_island, minivault_4
D:3:      layout_basic, uniq_sigmund, uniq_jessica
D:4:      layout_basic, kennysheep_decorative_pillar, chequers_avenue,
          uniq_pikel
D:5:      layout_rooms
D:6:      layout_loops_ring, kb_lookout_dungeons_type,
          minmay_misc_feat_ornament, serial_bayou_pond_d, uniq_maggie,
          uniq_menkaure, uniq_crazy_yiuf_cottage, uniq_grinder
D:7:      layout_cave_pods, minmay_temple_entry_antechambers, minmay_holes,
          kennysheep_cross_room
D:8:      layout_cave_pools, enter_bailey_2
D:9:      layout_loops_ring, chequers_temple_overflow_statue_of_worship,
          minmay_orc_entry_temple_small, uniq_prince_ribbit1, uniq_erolcha
D:10:     layout_basic, chequers_jeans, chequers_garden, uniq_maurice,
          uniq_psyche
D:11:     layout_gridville, lair_entry_dummy, minmay_guarded_unrand_finisher,
          uniq_amaemon
D:12:     nzn_motion_control, layout_long_grid, serial_co_window_serial,
          co_window_of_opportunity_a, co_window_corner_a, co_window_paths_a,
          co_window_corner_a, co_window_corner_a, co_window_unsneaky_path_b,
          co_window_broadway_b, co_window_2corner, co_window_corner_b,
          co_window_paths_c, co_window_of_opportunity_c, co_window_paths_c,
          co_window_4corner_b, co_window_paths_e, glass_columns_c,
          glass_columns_a
D:13:     nicolae_hexawheel, layout_layer_cave, minmay_statue_crystal_thing
D:14:     layout_gridville, david_vaults_2, serial_shops, bzr_entry_road,
          nicolae_cairo_tiling_large, uniq_louise
D:15:     grunt_enter_depths_magical_seal, layout_stronghold,
          minmay_door_square, grunt_ministairs_12
Temple:   mainiacjoe_temple_cubbyholes
Lair:1:   layout_cave_pods, amcnicky_mini_pool_medium, lemuel_fruit_fields,
          uniq_grum, uniq_fannar, uniq_harold
Lair:2:   layout_cave_pods, lemuel_fruit_tree, infiniplex_staircase_pool_2,
          grunt_megastairs_1
Lair:3:   layout_roguey, beast_lair_carwin_1
Lair:4:   layout_misc_corridors, minmay_swamp_entry_worms,
          minmay_snake_entry_six_corridors, enter_volcano_4, wad_woods_01,
          lemuel_fruit_fields, uniq_nergalle
Lair:5:   layout_cave_pods, gammafunk_ghost_abyssal_escape, lemuel_fruit_fields,
          grunt_megastairs_3
Lair:6:   hangedman_lair_tendril_chambers, layout_hall_layers,
          guppyfry_lair_end_dragon, slime_dummy, lemuel_centaur_altar,
          uniq_rupert
Swamp:1:  layout_falls_marsh, nicolae_swamp_godswood, swamp_pool5,
          nicolae_swamp_alligator_family
Swamp:2:  layout_falls_marsh, evilmike_swamp_ruin_house_5,
          infiniplex_staircase_pool, uniq_mlioglotl, uniq_aizul
Swamp:3:  layout_basic_swamp, nicolae_swamp_tree_designs, worms_lemuel,
          uniq_bai_suzhen
Orc:1:    cheibrodos_orc_arena, layout_diamond_mine, nicolae_orc_bridge_out,
          mines2_david
Orc:2:    pubby_orc_utopia

Skill      XL: |  1  2  3  4  5  6  7  8  9 10 11 12 13 14 15 16 |
---------------+-------------------------------------------------+-----
Axes           | 2 3 4 5 6 7 9 10 11 12 | 12.4
Armour         | 3 4 5 6 |  6.4
Fighting       | 4 5 6 7 8 9 10 | 10.0
Maces & Flails | 1 3 5 6 7 8 9 |  9.3
Dodging        | 1 2 4 5 6 7 8 |  8.3
Shields        | 3 4 5 6 7 8 9 |  9.7
Spellcasting   | 2 3 4 5 6 7 8 |  8.4
Stealth        | 1 2 |  2.6
Evocations     | 1 2 3 4 5 6 |  6.8
Summonings     | 2 4 5 6 7 8 |  8.2
Necromancy     | 2 3 4 6 7 8 |  8.3
Invocations    | 2 4 6 8 9 10 | 10.0
Air Magic      | 1 3 |  3.4
Conjurations   | 1 3 4 |  4.6
Translocations | 1 2 3 |  3.8
Transmutations | 1 2 |  2.8
Throwing       | |  0.5

Action                   |  1- 3 |  4- 6 |  7- 9 | 10-12 | 13-15 | 16-18 || total
-------------------------+-------+-------+-------+-------+-------+-------++-------
Melee: War axe           |    74 |       |       |       |       |       ||    74
       Mace              |    26 |    78 |   306 |   352 |       |       ||   762
       Demon whip        |       |       |       |   518 |   174 |    42 ||   734
       Broad axe         |       |       |       |       |  1283 |   459 ||  1742
Throw: Boomerang         |       |       |       |    21 |    18 |    11 ||    50
       Dart              |       |       |       |     2 |     7 |     5 ||    14
       Throwing net      |       |       |       |     1 |       |       ||     1
Invok: Slouch            |       |       |       |       |    14 |     9 ||    23
Evoke: Wand              |       |       |    19 |     4 |    13 |       ||    36
       Phantom mirror    |       |       |       |       |     2 |     1 ||     3
  Use: Potion            |       |     5 |     1 |     1 |     9 |     1 ||    17
       Scroll            |       |       |    12 |     7 |    16 |     5 ||    40
 Stab: Sleeping          |       |       |       |     2 |    14 |       ||    16
       Distracted        |       |       |       |     3 |     3 |       ||     6
       Confused          |       |       |       |       |       |     1 ||     1
Armor: Scale mail        |    47 |    26 |     4 |       |       |       ||    77
       Chain mail        |       |       |    98 |       |       |       ||    98
       Plate armour      |       |       |    53 |       |    17 |       ||    70
       Swamp dragon scal |       |       |    17 |   291 |   453 |   200 ||   961
Dodge: Dodged            |    61 |    50 |   148 |   490 |  1052 |   430 ||  2231
Block: Buckler           |    17 |     7 |       |       |       |       ||    24
       Kite shield       |       |    29 |   265 |   786 |  1128 |       ||  2208
       Tower shield      |       |       |       |       |   710 |   670 ||  1380

Table legend: (Time is in decaauts)
 A = Elapsed time spent in this place.
 B = Non-inter-level travel time spent in this place.
 C = Inter-level travel time spent in this place.
 D = Time resting spent in this place.
 E = Time spent auto-exploring this place.
 F = Levels seen in this place.
 G = Mean time per level.
                   A        B        C        D        E       F      G
               +--------+--------+--------+--------+--------+-----+--------+
         Total |  44913 |  42506 |   2407 |   4301 |  28978 |  32 | 1403.5 |
       Dungeon |  23655 |  22188 |   1467 |   2497 |  15867 |  15 | 1577.0 |
        Temple |    312 |    244 |     68 |      0 |    238 |   1 |  312.0 |
          Lair |  11331 |  10656 |    675 |    551 |   7705 |   6 | 1888.5 |
         Swamp |   3805 |   3706 |     99 |    795 |   1893 |   3 | 1268.3 |
  Orcish Mines |   4041 |   3946 |     95 |    325 |   2543 |   2 | 2020.5 |
         Abyss |    572 |    572 |      0 |     32 |    233 |   2 |  286.0 |
        Bazaar |    123 |    123 |      0 |      0 |     50 |   1 |  123.0 |
        Bailey |    559 |    559 |      0 |     62 |    252 |   1 |  559.0 |
       Volcano |    511 |    511 |      0 |     39 |    195 |   1 |  511.0 |
               +--------+--------+--------+--------+--------+-----+--------+

Top non-repeatable levels by time:
   Orc:2: 2858 daAuts
    D:13: 2682 daAuts
  Lair:1: 2511 daAuts
    D:11: 2376 daAuts
    D:12: 2298 daAuts
    D:14: 2119 daAuts
    D:10: 2051 daAuts
     D:6: 2004 daAuts
  Lair:6: 1910 daAuts
  Lair:2: 1893 daAuts
    D:15: 1845 daAuts
  Lair:3: 1738 daAuts
  Lair:5: 1691 daAuts
     D:9: 1674 daAuts
  Lair:4: 1586 daAuts
